 Dungeon Crawl Stone Soup version 0.26-a0-21-gf97e55dc39 (webtiles) character file.

Game seed: 17030681697433080663, levelgen mode: deterministic

60603 Gynju the Thaumaturge (level 15, -2/64 HPs)
             Began as a Gargoyle Earth Elementalist on May 26, 2020.
             Was an Elder of Vehumet.
             Slain by a tentacled starspawn (15 damage)
             ... while paralysed by accursed screaming
             ... on level 3 of the Abyss.
             The game lasted 00:41:48 (27899 turns).

Gynju the Thaumaturge (GrEE)                       Turns: 27899, Time: 00:41:48

Health: -2/64      AC: 23    Str: 12 (13) XL:     15   Next: 0%
Magic:  0/22       EV: -1    Int: 23      God:    Vehumet [****..]
Gold:   1301       SH:  0    Dex: 15      Spells: 16/40 levels left

rFire    + . .     SeeInvis .   t - +4 long sword (drain)
rCold    . . .     Gourm    .   K - +0 buckler
rNeg     + . .     Faith    .   V - +0 steam dragon scales
rPois    ∞         Spirit   +   i - +2 hat {MR+}
rElec    +         Reflect  .   f - +0 cloak
rCorr    +         Harm     .   W - +0 pair of gloves of the Devil {Dex+5 Slay+5}
MR       ++...                  Y - -1 pair of boots "Xaihu" {*Drain Regen+ rCorr}
Stlth    ++........             X - amulet of guardian spirit
HPRegen  0.60/turn              T - +6 ring of intelligence
MPRegen  0.18/turn              U - ring of protection from fire

@: paralysed, about to teleport, constricted, lightly drained
A: big wings, [deterioration 2], [dopey 2], [frail 3], [low mp 3], negative
energy resistance 1, electricity resistance, unbreathing, petrification
resistance, rot immunity, AC +11
a: Fly, Renounce Religion


You were on level 3 of the Abyss.
You worshipped Vehumet.
Vehumet was greatly pleased with you.
You were hungry.

You visited 3 branches of the dungeon, and saw 19 of its levels.
You visited the Abyss 1 time.

You collected 1301 gold pieces.

Inventory:

Hand Weapons
 t - a +4 long sword of draining (weapon)
 z - a +1 scimitar of pain
Missiles
 c - 44 poisoned darts (quivered)
 v - 302 stones
 J - 7 silver javelins
 L - 9 atropa-tipped darts
 M - 8 curare-tipped darts
Armour
 f - a +0 cloak (worn)
 i - a +2 hat of magic resistance (worn)
 K - a +0 buckler (worn)
 V - +0 steam dragon scales (worn)
 W - the +0 pair of gloves of the Devil (worn) {Dex+5 Slay+5}
   (You found it on level 4 of the Lair of Beasts)

   It affects your dexterity (+5).
   It affects your accuracy and damage with ranged weapons and melee attacks
   (+5).
 Y - the -1 pair of boots "Xaihu" (worn) {*Drain Regen+ rCorr}
   (You found it on level 5 of the Lair of Beasts)

   It increases your rate of regeneration.
   It provides partial protection from all sources of acid and corrosion.
   It causes draining when unequipped.
Jewellery
 e - an uncursed ring of resist corrosion
 C - an uncursed ring of ice
 S - an uncursed ring of protection from cold
 T - a +6 ring of intelligence (left hand)
 U - a ring of protection from fire (right hand)
 X - an amulet of guardian spirit (around neck)
Wands
 b - a wand of iceblast (31)
 o - a wand of digging (6)
 s - a wand of flame (37)
 u - a wand of enslavement (3)
 N - a wand of acid (9)
 P - a wand of random effects (8)
Scrolls
 j - 12 scrolls of remove curse {@r2}
 k - 4 scrolls of amnesia
 l - 12 scrolls of teleportation
 m - 10 scrolls of identify {@r1}
 n - 2 scrolls of magic mapping
 y - 2 scrolls of fog
 D - a scroll of enchant armour
 E - a scroll of torment {unknown}
 G - 3 scrolls of enchant weapon
 H - 2 scrolls of fear {unknown}
 I - 2 scrolls of vulnerability {unknown}
 Q - a scroll of blinking {unknown}
Potions
 a - 5 potions of flight
 g - 3 potions of invisibility
 h - 7 potions of curing {@q1}
 p - 3 potions of heal wounds
 q - 2 potions of magic
 r - 2 potions of mutation {unknown}
 w - 2 potions of stabbing {unknown}
 x - a potion of brilliance {unknown}
 A - a potion of resistance {unknown}
 F - 2 potions of lignification {unknown}
 O - 2 potions of ambrosia {unknown}
Comestibles
 d - 25 rations


   Skills:
 + Level 9.9(9.4) Fighting
 + Level 9.9(9.4) Armour
 + Level 8.9(8.4) Dodging
 - Level 2.1(1.7) Stealth
 - Level 4.0(3.5) Shields
 + Level 13.1(12.5) Spellcasting
 - Level 10.0(9.4) Conjurations
 - Level 0.7(0.3) Transmutations
 - Level 5.0(4.5) Fire Magic
 - Level 5.0(4.5) Ice Magic
 + Level 2.0(1.6) Air Magic
 - Level 10.0(9.4) Earth Magic


You had 16 spell levels left.
You knew the following spells:

 Your Spells              Type           Power        Failure   Level  Hunger
a - Stone Arrow           Conj/Erth      ######       1%          3    None
b - Passwall              Tmut/Erth      #####...     1%          2    None
c - Dazzling Flash        Conj/Hex       #####.       1%          3    None
d - Conjure Flame         Conj/Fire      #####...     1%          3    None
e - Hailstorm             Conj/Ice       #####...     1%          4    None
f - Iskenderun's Mystic   Conj/Tloc      #####...     1%          4    None
g - Airstrike             Air            ###.......   7%          4    None
A - Sandblast             Erth           ######       1%          1    None

Your spell library contained the following spells:

 Spells                   Type           Power        Failure   Level  Hunger
 Freeze                   Ice            ####         1%          1    None
 Frozen Ramparts          Ice            #####.       1%          3    None
 Lee's Rapid Deconstruct  Erth           ######....   1%          5    ###....
 Animate Skeleton         Necr           N/A          4%          1    None
 Infusion                 Chrm           ##..         4%          1    None
 Pain                     Necr           ##..         4%          1    None
 Ozocubu's Armour         Chrm/Ice       ###.....     5%          3    None
 Leda's Liquefaction      Hex/Erth       #####.....   6%          4    None
 Petrify                  Tmut/Erth      #####...     6%          4    None
 Vampiric Draining        Necr           ##........   14%         3    None
 Summon Ice Beast         Ice/Summ       ###.....     19%         4    None
 Borgnjor's Vile Clutch   Necr/Erth      #####.....   19%         5    ###....
 Animate Dead             Necr           N/A          41%         4    None
 Agony                    Necr           ##......     77%         5    ###....


Dungeon Overview and Level Annotations

Branches:
Dungeon (12/15)            Temple (1/1) D:4            Lair (6/6) D:9
 Shoals (0/4) Lair:4        Snake (0/4) Lair:2        Slime (0/5) Lair:5
    Orc (0/2) D:9

Altars:
Ashenzari
Cheibriados
Dithmenos
Elyvilon
Fedhas
Gozag
Hepliaklqana
Kikubaaqudgha
Makhleb
Nemelex Xobeh
Okawaru
Qazlal
Ru
Sif Muna
Trog
Uskayaw
Vehumet
Wu Jian
Xom
Yredelemnul
Zin
The Shining One
Jiyva

Shops:
D:7 (

Annotations:
D:9 1 runed translucent door, exclusion: door, Deethri's ghost, journeyman DgAE
D:12 Josephine
Lair:2 2 transporters, tmanko2's ghost, journeyman MiGl
Lair:3 1 runed translucent door, exclusion: door, Sutsebef's ghost, journeyman TrFi
Lair:6 1 runed translucent door, exclusion: door, endorz's ghost, journeyman HOFi


Innate Abilities, Weirdness & Mutations

You are resistant to torment.
Your stone body is resilient. (AC +11)
You are immune to poison.
Your large and strong wings let you fly indefinitely.
You resist negative energy. (rN+)
You are resistant to electric shocks. (rElec)
You can survive without breathing.
You are immune to petrification.
You are immune to rotting.
[Your body often deteriorates upon taking damage.]
[You are very dopey. (Int -4)]
[You are extremely frail. (-30% HP)]
[Your magical capacity is extremely low. (-30% MP)]


Message History

A tentacle flies out from the starspawn's body!
A cacophony of accursed wailing tears at your sanity!
You suddenly lose the ability to move!
The starspawn tentacle grabs you. The starspawn tentacle constricts you.
The starcursed mass engulfs you but does no damage.
The wretched star pulses with an eldritch light!
You feel frail.
The tentacled starspawn bites you but does no damage.
The tentacled starspawn engulfs you.
A starspawn tentacle comes into view.
You feel yourself speed up.
A cacophony of accursed wailing tears at your sanity!
* * * LOW HITPOINT WARNING * * *
Your body deteriorates!
You feel weakened.
You shrug off the repeated paralysis!
The starspawn tentacle constricts you. The starcursed mass engulfs you.
* * * LOW HITPOINT WARNING * * *
The tentacled starspawn bites you!
You die...

### #..###
......
#..*....
##...##...
#..X....##
##@X#. ...#.
#wX#X.......
##X*#X....#
#XX.X...##.
##X..##....
+#........
#......##
##..#### ###


You could see 8 starcursed masses, a tentacled starspawn, 2 wretched stars and a
starspawn tentacle.

Vanquished Creatures
  Gastronok (D:11)
  Nessos (D:12)
  A fire dragon (Lair:4)
  5 hydras
  A catoblepas (Lair:5)
  3 two-headed ogres
  A deep troll shaman (Lair:6)
  7 death yaks
  Sonja (Lair:1)
  A spatial maelstrom (Abyss:3)
  Pikel (D:7)
  2 lindwurms
  An ugly thing (D:11)
  4 oklob plants (Lair:4)
  2 cyclopes
  6 elephants
  Maurice (D:9)
  Joseph (D:7)
  A torpor snail (Lair:6)
  5 black mambas
  7 spiny frogs
  Maggie (D:6)
  A centaur skeleton (D:10)
  18 rime drakes
  4 komodo dragons
  2 trolls
  A merfolk (D:10)
  A polar bear (Lair:5)
  2 hornets
  Grinder (D:4)
  Prince Ribbit (D:5)
  12 blink frogs
  13 dream sheep
  4 hippogriffs
  47 yaks
  2 wraiths (D:12)
  A shadow (D:12)
  2 basilisks (Lair:6)
  10 steam dragons
  5 wyverns
  18 water moccasins
  5 porcupines
  4 orc warriors
  2 sky beasts
  2 black bears (Lair:6)
  2 phantoms (D:12)
  3 ice beasts
  3 slaves (D:7)
  A necrophage (D:12)
  12 ogres
  10 centaurs
  13 crocodiles
  3 small abominations (Abyss:2)
  14 wolves
  Blork the orc (D:4)
  A big kobold (D:11)
  17 bullfrogs
  A wyvern skeleton (D:12)
  A water moccasin zombie (D:6)
  A scorpion (D:7)
  A howler monkey (D:7)
  13 wights
  2 bullfrog zombies
  2 centaur zombies
  5 crimson imps
  A quasit (D:12)
  An iron imp (Abyss:2)
  3 jellies
  9 orc priests
  5 bullfrog skeletons
  3 hounds
  12 worker ants
  2 iguanas
  14 orc wizards
  A killer bee zombie (D:6)
  A hound zombie (D:6)
  2 howler monkey zombies
  A worker ant zombie (D:6)
  25 adders
  A river rat (D:4)
  5 shadow imps
  2 ufetubi (Abyss:2)
  An ooze (D:4)
  3 adder zombies
  2 adder skeletons
  A worm (D:4)
  2 dart slugs
  4 leopard geckos
  39 orcs
  2 ball pythons
  11 giant cockroaches
  5 hobgoblins
  9 jackals
  10 kobolds
  2 quokkas
  4 bats
  6 frilled lizards
  8 goblins
  2 jackal skeletons
  A jackal zombie (D:6)
  A leopard gecko zombie (D:6)
  A quokka skeleton (D:5)
  7 rats
527 creatures vanquished.

Vanquished Creatures (others)
  An unseen horror (D:12)
  13 fungi
  7 plants
  4 starspawn tentacles (Abyss:3)
25 creatures vanquished.

Grand Total: 552 creatures vanquished

Notes
Turn   | Place    | Note
-------+----------+-------------------------------------------
     0 | D:1      | Gynju the Gargoyle Earth Elementalist began the quest for
                  | the Orb.
     0 | D:1      | Reached XP level 1. HP: 10/10 MP: 3/3
   353 | D:1      | Reached XP level 2. HP: 14/15 MP: 0/5
  1363 | D:1      | Reached XP level 3. HP: 15/19 MP: 2/6
  1922 | D:2      | Reached skill level 3 in Spellcasting
  2091 | D:2      | Reached XP level 4. HP: 21/24 MP: 8/8
  2172 | D:2      | Reached skill level 5 in Earth Magic
  3202 | D:4      | Reached XP level 5. HP: 24/28 MP: 7/10
  3400 | D:4      | Reached skill level 4 in Spellcasting
  3403 | D:4      | Reached XP level 6. HP: 21/32 MP: 2/12
  3596 | D:4      | Learned a level 2 spell: Passwall
  3600 | D:4      | Learned a level 3 spell: Stone Arrow
  3606 | D:4      | Noticed Blork the orc
  3612 | D:4      | Killed Blork the orc
  3787 | D:4      | Reached XP level 7. HP: 22/36 MP: 8/14
  3974 | D:4      | Reached skill level 5 in Spellcasting
  4027 | D:4      | Noticed Grinder
  4034 | D:4      | Reached skill level 1 in Fighting
  4034 | D:4      | Reached skill level 1 in Armour
  4037 | D:4      | Killed Grinder
  4318 | D:4      | Found a staircase to the Ecumenical Temple.
  4561 | D:4      | Reached XP level 8. HP: 41/45 MP: 9/16
  4709 | D:4      | Found a white marble altar of Elyvilon.
  4934 | Temple   | Entered the Ecumenical Temple
  4993 | Temple   | Became a worshipper of Vehumet
  5094 | D:5      | Entered Level 5 of the Dungeon
  5329 | D:5      | Noticed Prince Ribbit
  5337 | D:5      | Killed Prince Ribbit
  5337 | D:5      | Reached skill level 6 in Spellcasting
  6140 | D:5      | Found an ancient bone altar of Kikubaaqudgha.
  6140 | D:5      | Found a shattered altar of Ashenzari.
  6258 | D:6      | Reached * piety under Vehumet
  6258 | D:6      | Offered knowledge of Freeze by Vehumet.
  6348 | D:6      | Noticed Maggie
  6362 | D:6      | Killed Maggie
  6362 | D:6      | Reached skill level 5 in Fighting
  6362 | D:6      | Reached skill level 5 in Armour
  6362 | D:6      | Reached XP level 9. HP: 17/54 MP: 5/19
  6583 | D:6      | Reached skill level 7 in Spellcasting
  7043 | D:6      | Found an iron altar of Okawaru.
  7099 | D:6      | Reached skill level 1 in Conjurations
  7800 | D:7      | Found a basalt altar of Yredelemnul.
  7854 | D:7      | Noticed Pikel
  7957 | D:7      | Noticed Joseph
  7987 | D:7      | Killed Joseph
  8274 | D:7      | Found a burning altar of Makhleb.
  8354 | D:7      | Noticed a hornet
  8361 | D:7      | Killed a hornet
  8361 | D:7      | Reached XP level 10. HP: 28/61 MP: 2/21
  8383 | D:7      | Found Ecsuf's Antique Weapon Emporium.
  8541 | D:7      | Killed Pikel
  8541 | D:7      | Reached skill level 8 in Spellcasting
  8779 | D:7      | Reached skill level 5 in Conjurations
  8853 | D:7      | Reached ** piety under Vehumet
  9078 | D:7      | Found a glowing silver altar of Zin.
  9129 | D:8      | Noticed a two-headed ogre
  9135 | D:8      | Killed a two-headed ogre
  9135 | D:8      | Offered knowledge of Searing Ray by Vehumet.
  9136 | D:8      | Reached skill level 9 in Spellcasting
  9412 | D:8      | Found an opulent altar of Gozag.
 10032 | D:8      | Found a glowing golden altar of the Shining One.
 10612 | D:9      | Noticed a two-headed ogre
 10620 | D:9      | Killed a two-headed ogre
 10796 | D:9      | Reached XP level 11. HP: 67/67 MP: 11/24
 10992 | D:9      | Offered knowledge of Conjure Flame by Vehumet.
 10997 | D:9      | Learned a level 3 spell: Conjure Flame
 11235 | D:9      | Noticed a two-headed ogre
 11242 | D:9      | Killed a two-headed ogre
 11242 | D:9      | Reached skill level 1 in Fire Magic
 11312 | D:9      | Found a staircase to the Orcish Mines.
 11370 | D:9      | Found a staircase to the Lair.
 11370 | D:9      | Found a runed translucent door.
 11491 | D:9      | Found a shadowy altar of Dithmenos.
 11517 | D:9      | Noticed Maurice
 11523 | D:9      | Killed Maurice
 11593 | D:10     | Entered Level 10 of the Dungeon
 11598 | D:9      | Reached *** piety under Vehumet
 12497 | D:11     | Offered knowledge of Ignite Poison by Vehumet.
 12647 | D:9      | Noticed Deethri's ghost (journeyman DgAE)
 12654 | Lair:1   | Entered Level 1 of the Lair of Beasts
 12727 | Lair:1   | Reached skill level 10 in Spellcasting
 12737 | Lair:1   | Reached skill level 1 in Shields
 13469 | Lair:1   | Noticed Sonja
 13478 | Lair:1   | Killed Sonja
 13478 | Lair:1   | Reached **** piety under Vehumet
 13478 | Lair:1   | Reached skill level 5 in Dodging
 14101 | Lair:2   | Reached skill level 10 in Earth Magic
 14101 | Lair:2   | Reached XP level 12. HP: 72/72 MP: 14/26
 14244 | Lair:2   | Offered knowledge of Dazzling Flash by Vehumet.
 14351 | Lair:1   | Learned a level 3 spell: Dazzling Flash
 14531 | Lair:2   | Found a staircase to the Snake Pit.
 14728 | Lair:2   | Found an ornate altar of the Wu Jian Council.
 14752 | Lair:2   | Found a transporter.
 14764 | Lair:2   | Noticed an eight-headed hydra
 14783 | Lair:2   | Found a transporter.
 14824 | Lair:2   | Noticed tmanko2's ghost (journeyman MiGl)
 14831 | Lair:2   | Noticed a catoblepas
 15801 | Lair:3   | Reached skill level 5 in Fire Magic
 16566 | Lair:3   | Found a runed translucent door.
 16568 | Lair:3   | Found a shimmering altar of Xom.
 16568 | Lair:3   | Noticed Sutsebef's ghost (journeyman TrFi)
 17661 | Lair:4   | Reached skill level 11 in Spellcasting
 18067 | Lair:4   | Found a staircase to the Shoals.
 18548 | Lair:4   | Reached XP level 13. HP: 76/76 MP: 6/28
 18939 | Lair:4   | Noticed a fire dragon
 18948 | Lair:4   | Killed a fire dragon
 19741 | Lair:4   | Reached skill level 10 in Conjurations
 20044 | Lair:4   | Got a pair of shimmering gloves
 20055 | Lair:4   | Identified the +0 pair of gloves of the Devil {Dex+5
                  | Slay+5} (You found it on level 4 of the Lair of Beasts)
 20142 | Lair:4   | Learned a level 4 spell: Hailstorm
 20313 | Lair:5   | Reached skill level 1 in Ice Magic
 20371 | Lair:5   | Reached skill level 12 in Spellcasting
 20607 | Lair:5   | Got a pair of twisted boots
 20632 | Lair:4   | Identified the cursed -1 pair of boots "Xaihu" {*Drain
                  | Regen+ rCorr} (You found it on level 5 of the Lair of
                  | Beasts)
 21159 | Lair:5   | Found a shimmering altar of Xom.
 21201 | Lair:5   | Found a viscous altar of Jiyva.
 21201 | Lair:5   | Found a staircase to the Slime Pits.
 21533 | Lair:6   | Entered Level 6 of the Lair of Beasts
 21674 | Lair:6   | Reached ***** piety under Vehumet
 21674 | Lair:6   | Offered knowledge of Iskenderun's Mystic Blast by Vehumet.
 21973 | Lair:5   | Learned a level 4 spell: Iskenderun's Mystic Blast
 22774 | Lair:5   | Gained mutation: Your large and strong wings let you fly
                  | indefinitely. [Gargoyle growth]
 22774 | Lair:5   | Reached XP level 14. HP: 81/84 MP: 11/30
 23197 | Lair:6   | Found a runed translucent door.
 23220 | Lair:6   | Noticed endorz's ghost (journeyman HOFi)
 23222 | Lair:6   | Identified the +6 spear "Lorem Ipsum" {protect, MP+9}
 24238 | Lair:6   | Reached skill level 5 in Ice Magic
 24987 | D:11     | Noticed Gastronok
 25000 | D:11     | Killed Gastronok
 25449 | D:11     | Offered knowledge of Airstrike by Vehumet.
 25479 | D:11     | Learned a level 4 spell: Airstrike
 26425 | D:12     | Noticed Nessos
 26551 | D:12     | Reached skill level 1 in Air Magic
 26566 | D:11     | Reached skill level 13 in Spellcasting
 27095 | D:12     | Killed Nessos
 27613 | D:12     | Noticed Josephine
 27625 | D:12     | Cast into level 2 of the Abyss (Josephine)
 27626 | Abyss:2  | Found a corrupted altar of Lugonu.
 27683 | Abyss:2  | Found a corrupted altar of Lugonu.
 27817 | Abyss:3  | Found a corrupted altar of Lugonu.
 27826 | Abyss:3  | Reached XP level 15. HP: 61/92 MP: 4/32
 27832 | Abyss:3  | Identified Sif Muna's Grimoire of the Boosting Rocks
 27891 | Abyss:3  | Noticed a tentacled starspawn
 27892 | Abyss:3  | Noticed a tentacled starspawn
 27898 | Abyss:3  | Paralysed by accursed screaming for 2 turns
 27899 | Abyss:3  | Slain by a tentacled starspawn

Illustrated notes

Levels and vault maps discovered:
D:1:      dpeg_arrival_stonehenge_12_columns, layout_loops_corners,
          minmay_split_cup_large
D:2:      layout_rooms, first_ration, chequers_serial_rivers_small_b
D:3:      layout_basic, minmay_fractal_squares_diagonal_5
D:4:      layout_loops_ring, marbit_many_paths, lemuel_temple_firewalk_b,
          gup_sewer_entry_spiral, nicolae_underground_beach, uniq_blork_the_orc,
          uniq_grinder
D:5:      layout_loops_ring, gammafunk_temple_overflow_wave, solitary_fountain,
          minmay_puff, uniq_prince_ribbit1
D:6:      layout_rooms, nicolae_overflow_crystal_walls, serial_undead,
          serial_undead_f, serial_undead_e, serial_undead_c, serial_undead_e,
          serial_undead_b, serial_undead_e, serial_undead_c, serial_undead_b,
          serial_undead_b, serial_undead_d, uniq_maggie
D:7:      layout_loops_ring, zin_statuary, nicolae_overflow_hidden_temple,
          basic_altar, serial_shops, shop, uniq_joseph, uniq_pikel
D:8:      layout_basic, lemuel_crystal_altar, kennysheep_little_box
D:9:      layout_small_grid, lemuel_crystal_altar, lair_entry_dummy,
          orc_0_dummy, ebering_ghost_inner_flame, uniq_maurice
D:10:     layout_irregular_city, hangedman_fish_farm
D:11:     layout_cave_pods, chequers_serial_rivers_room_b, uniq_gastronok
D:12:     layout_cave_pools, serial_shops, shop, uniq_nessos, uniq_josephine
Temple:   cyrus_circular_temple
Lair:1:   layout_big_grid, uniq_sonja
Lair:2:   layout_long_grid, minmay_snake_entry_six_corridors,
          gammafunk_ghost_berserking_beasts, basic_altar, beast_lair_carwin_3
Lair:3:   layout_cave_pods, ebering_ghost_xom
Lair:4:   layout_roguey, minmay_shoals_entry_centaurs, bobbens_dragon_lair_wall,
          serial_bayou_shore_b, serial_bayou_shore_b, minmay_lair_oklob_chamber
Lair:5:   layout_roguey, dpeg_slime_entry_enclosed_altar,
          nicolae_volcano_entry_vermiform, basic_altar,
          nicolae_lair_grove_arrangements, grunt_forest_stairs_basic,
          lemuel_fruit_fields
Lair:6:   grunt_lair_end_beastmaster, layout_hall_layers,
          ebering_ghost_funeral_grove, minmay_lair_drake_nest,
          grunt_megastairs_3
Abyss:3:  base: D:1, nicolae_abyss_rune_star_stuff, evilmike_abyss_exit_3,
          nicolae_abyss_rune_star_stuff

Skill      XL: |  1  2  3  4  5  6  7  8  9 10 11 12 13 14 |
---------------+-------------------------------------------+-----
Earth Magic    | 4 5 6 7 8 10 | 10.0
Spellcasting   | 3 4 5 6 7 9 10 11 12 13 | 13.1
Fighting       | 2 5 6 7 8 9 |  9.9
Armour         | 2 5 6 7 8 9 |  9.9
Conjurations   | 3 5 6 9 10 | 10.0
Dodging        | 3 5 6 7 8 |  8.9
Fire Magic     | 3 5 |  5.0
Shields        | 2 4 |  4.0
Ice Magic      | 3 5 |  5.0
Air Magic      | 2 |  2.0
Stealth        | |  2.1
Transmutations | |  0.7

Action                   |  1- 3 |  4- 6 |  7- 9 | 10-12 | 13-15 || total
-------------------------+-------+-------+-------+-------+-------++-------
Melee: Dagger            |    45 |       |       |       |       ||    45
       Short sword       |    64 |    57 |       |       |       ||   121
       Falchion          |       |     7 |   119 |       |       ||   126
       Long sword        |       |       |   130 |   126 |   159 ||   415
 Cast: Sandblast         |    29 |    55 |    94 |    79 |       ||   257
       Stone Arrow       |       |       |    23 |   321 |   463 ||   807
       Conjure Flame     |       |       |       |       |     3 ||     3
  Use: Scroll            |       |       |    15 |     2 |     6 ||    23
       Potion            |       |       |       |       |     2 ||     2
 Stab: Sleeping          |     6 |     3 |     4 |     1 |       ||    14
  Eat: Chunk             |     4 |     5 |    16 |    23 |    23 ||    71
       Ration            |       |       |       |     2 |     2 ||     4
Armor: Robe              |    47 |    26 |    95 |       |       ||   168
       Swamp dragon scal |       |       |    96 |   177 |       ||   273
       Ring mail         |       |       |       |    52 |    14 ||    66
       Steam dragon scal |       |       |       |       |   368 ||   368
Dodge: Dodged            |    93 |    74 |   223 |   299 |   438 ||  1127
Block: Buckler           |       |       |       |    58 |   140 ||   198
       Rpst.: Falchion   |       |     5 |    42 |       |       ||    47
       Long sword        |       |       |    25 |    84 |    98 ||   207

Table legend:
 A = Non-vault XP
 B = Vault XP
 C = Vault XP percentage of total XP
 D = Non-vault monster count
 E = Vault monster count
 F = Vault count percentage of total count
                 A         B        C        D         E       F
            +---------+---------+-------+---------+---------+-------
      Total |   54733 |   31843 |  36.8 |     404 |     121 |  23.0
            +---------+---------+-------+---------+---------+-------
        D:1 |      36 |       8 |  18.2 |      21 |       5 |  19.2
        D:2 |      65 |       0 |   0.0 |      16 |       0 |   0.0
        D:3 |      26 |      27 |  50.9 |       8 |       6 |  42.9
        D:4 |     625 |     437 |  41.1 |      26 |      10 |  27.8
        D:5 |     785 |     264 |  25.2 |      29 |       1 |   3.3
        D:6 |     902 |     499 |  35.6 |      24 |      11 |  31.4
        D:7 |    1321 |    1123 |  45.9 |      17 |       2 |  10.5
        D:8 |    2071 |       0 |   0.0 |      24 |       0 |   0.0
        D:9 |    3676 |     472 |  11.4 |      26 |       1 |   3.7
       D:10 |    1308 |     301 |  18.7 |      14 |       1 |   6.7
       D:11 |    7023 |    2442 |  25.8 |      45 |       1 |   2.2
       D:12 |    3330 |    1652 |  33.2 |      21 |       3 |  12.5
     Lair:1 |    3329 |    1269 |  27.6 |      21 |       5 |  19.2
     Lair:2 |    2604 |    1406 |  35.1 |      14 |      16 |  53.3
     Lair:3 |    2908 |    2964 |  50.5 |      11 |      10 |  47.6
     Lair:4 |    1813 |    8034 |  81.6 |      11 |      25 |  69.4
     Lair:5 |   10827 |    2230 |  17.1 |      31 |       6 |  16.2
     Lair:6 |   10814 |    8715 |  44.6 |      38 |      18 |  32.1
    Abyss:2 |     513 |       0 |   0.0 |       6 |       0 |   0.0
    Abyss:3 |     757 |       0 |   0.0 |       1 |       0 |   0.0
            +---------+---------+-------+---------+---------+-------
